 Dungeon Crawl Stone Soup version 0.27-a0-1123-g2f9bb313c0 (webtiles) character file.

Game seed: 8207478195898537406

18 Azzok the Shield-Bearer (level 2, 29/29 HPs)
             Began as a Troll Fighter on May 3, 2021.
             Quit the game on level 1 of the Dungeon.
             The game lasted 00:01:33 (330 turns).

Azzok the Shield-Bearer (Troll Fighter)              Turns: 330, Time: 00:01:34

Health: 29/29      AC:  4    Str: 23    XL:     2   Next: 51%
Magic:  1/1        EV:  8    Int:  4    God:
Gold:   43         SH:  8    Dex:  9    Spells: 1/1 levels left

rFire    . . .     SeeInvis .     - Unarmed
rCold    . . .     Faith    .   b - +0 kite shield
rNeg     . . .     Spirit   .   a - +0 robe
rPois    .         Reflect  .   (helmet restricted)
rElec    .         Harm     .   (no cloak)
rCorr    .         Rampage  .   (gloves unavailable)
Will     .....                  (boots unavailable)
Stlth    +.........             (no amulet)
HPRegen  1.09/turn              (no ring)
MPRegen  0.07/turn              (no ring)

@: no status effects
A: large, unfitting armour, claws 3, regeneration 1, shaggy fur 1, tough skin 1
a: no special abilities


You were on level 1 of the Dungeon.
You visited 1 branch of the dungeon, and saw 1 of its levels.

You collected 43 gold pieces.

Inventory:

Armour
 a - a +0 robe (worn)
 b - a +0 kite shield (worn)
Jewellery
 d - a ring of see invisible
Scrolls
 e - a scroll of teleportation {unknown}
 g - 2 scrolls of enchant weapon {unknown}
Potions
 c - a potion of might
 f - a potion of berserk rage {unknown}


   Skills:
 - Level 2.4 Fighting
 - Level 2.4 Dodging
 + Level 2.8 Shields
 + Level 2.6 Unarmed Combat


You had one spell level left.
You didn't know any spells.
Your spell library was empty.

Dungeon Overview and Level Annotations

Branches:
Dungeon (1/15)

Altars:


Innate Abilities, Weirdness & Mutations

You are too large for most types of armour.
You have claws for hands.
Your natural rate of healing is unusually fast.
You are covered in fur. (AC +1)
You have tough skin. (AC +1)


Message History

You claw the endoplasm!
You kill the endoplasm!
The goblin hits you but does no damage.
You claw the goblin!
You kill the goblin!
You see here a +0 dagger.
You see here a +0 whip.
You now have 43 gold pieces (gained 16).
A ball python comes into view.
A ball python is nearby!
A ball python is nearby!
A hobgoblin comes into view.
The hobgoblin shouts!
A bat comes into view.
You block the ball python's attack.
You scratch the ball python but do no damage.
The ball python closely misses you. The bat hits you but does no damage.
You closely miss the ball python. The bat hits you but does no damage. x2
The ball python bites you. The ball python barely misses you.
You scratch the ball python.
You kill the ball python!
The bat closely misses you. You block the bat's attack.
You see here a ball python corpse.
You claw the hobgoblin!
You kill the hobgoblin!
The bat hits you but does no damage.
You claw the bat!
You kill the bat!
No target in view!
No target in view!
No target in view!
No target in view!
No target in view!
No target in view!
No target in view!
No target in view!
No target in view!
No target in view!
Are you sure you want to abandon this character and quit the game? (Confirm with "yes".)

▒▒▒▒▒▒▒▒
▒▒▒▒▒▒▒▒▒▒▒▒······▒▒▒▒
····················>▒
···········▒·····)▒▒·▒
·············▒▒▒▒▒···▒
·············▒ ▒·▒·▒▒
·············▒ ▒·▒··▒
······†@▒▒···▒ ▒·▒··▒
······†·▒▒▒▒▒▒ ▒)▒·)▒
········▒▒▒▒▒▒▒▒▒▒····▒
················▒▒▒▒··▒·
········▒▒▒▒▒·▒·········
········▒ ▒·▒·▒▒▒▒··▒▒
▒▒▒▒▒·▒·· ▒·▒·······▒▒
▒·▒▒▒ ▒·▒·········
▒·▒··▒▒▒·▒▒▒


There were no monsters in sight!

Vanquished Creatures
  3 ball pythons (D:1)
  3 bats (D:1)
  3 endoplasms (D:1)
  A giant cockroach (D:1)
  A goblin (D:1)
  2 hobgoblins (D:1)
  A kobold (D:1)
  3 rats (D:1)
17 creatures vanquished.

Notes
Turn   | Place    | Note
-------+----------+-------------------------------------------
     0 | D:1      | Azzok the Troll Fighter began the quest for the Orb.
     0 | D:1      | Reached XP level 1. HP: 22/22 MP: 0/0
   110 | D:1      | Found a faded altar of an unknown god.
   203 | D:1      | Reached XP level 2. HP: 29/29 MP: 1/1
   330 | D:1      | Quit the game

Illustrated notes

Levels and vault maps discovered:
D:1:      dpeg_arrival_another_circle, layout_basic,
          hellmonk_ecumenical_altar_blasted

Action                   || total
-------------------------++-------
Melee: Unarmed           ||    34
 Stab: Sleeping          ||     1
Armor: Robe              ||    13
Dodge: Dodged            ||    15
Block: Kite shield       ||    14

Table legend: (Time is in decaauts)
 A = Elapsed time spent in this place.
 B = Non-inter-level travel time spent in this place.
 C = Inter-level travel time spent in this place.
 D = Time resting spent in this place.
 E = Time spent auto-exploring this place.
 F = Levels seen in this place.
 G = Mean time per level.
                   A        B        C        D        E       F      G
               +--------+--------+--------+--------+--------+-----+--------+
         Total |    336 |    336 |      0 |      0 |    224 |   1 |  336.0 |
       Dungeon |    336 |    336 |      0 |      0 |    224 |   1 |  336.0 |
               +--------+--------+--------+--------+--------+-----+--------+

Top non-repeatable levels by time:
     D:1: 336 daAuts
